Map: Prion Terraces

Players

llllllllllll

  • Race: Zerg Zerg
  • League: Master

Miszu - Winner!

  • Race: Protoss Protoss
  • League: Grandmaster

VOD

Have the link to the VOD?

Description

Time

  • Played on: April 8, 2016, 5:49 p.m.
  • Length: 9:02
Show
View Real Time Build Order
Export as new Build Order

llllllllllll Zerg 

Build Orders: Hatch First, Roach Nydus 

Get SALT Encoding   

  12  0:01  Drone  
  13  0:12  Overlord  
  13  0:17  Drone  
  14  0:31  Drone x2  
  14  0:34  Drone  
  17  0:56  Hatchery  
  16  0:57  Drone  
  17  1:14  Spawning Pool  
  17  1:15  Drone  
  17  1:17  Extractor  
  16  1:22  Drone  
  16  1:25  Drone  
  18  1:29  Drone  
  19  1:41  Drone  
  20  1:53  Overlord  
  20  2:01  Queen  
  20  2:08  Queen  
  24  2:13  Zergling x4  
  26  2:17  Drone  
  26  2:20  Extractor  
  26  2:21  Drone  
  27  2:24  Drone  
  28  2:30  Drone  
  28  2:34  Drone  
  30  2:37  Lair  
  30  2:45  Queen  
  30  2:50  Drone x2  
  34  2:52  Drone  
  33  3:13  Overlord  
  33  3:14  Roach Warren  
  32  3:20  Queen  
  34  3:28  Overlord  
  34  3:35  Nydus Network  
  34  3:38  Queen  
  35  3:41  Overseer  
  33  3:59  Roach  
  33  4:00  Roach x2  
  33  4:01  Roach  
  41  4:09  Roach  
  45  4:10  Roach  
  45  4:13  Roach  
  47  4:19  Nydus Canal  
  47  4:22  Roach  
  49  4:27  Zergling x4  
  51  4:32  Overlord  
  51  4:39  Queen  
  51  4:43  Roach  
  49  4:53  Nydus Canal  
  49  4:56  Roach x3  
  51  5:08  Roach x2  
  48  5:17  Roach x2  
  49  5:25  Roach x2  
  49  5:37  Roach x2  
  45  5:50  Roach x3  
  45  5:51  Drone x2  
  45  5:54  Queen  
  45  6:13  Extractor  
  45  6:14  Extractor  
  45  6:16  Drone x3  
  45  6:17  Drone  
  47  6:26  Drone x2  
  47  6:27  Drone x3, Hatchery  
  51  6:39  Overlord  
  51  6:40  Overlord  
  51  6:45  Metabolic Boost  
  51  6:46  Glial Reconstitution  
  51  6:59  Drone x3  
  54  7:03  Drone x5  
  60  7:15  Drone x2  
  63  7:23  Roach x3  
  63  7:24  Overlord  
  63  7:25  Ravager  
  63  7:26  Ravager x3  
  63  7:29  Roach  
  73  7:40  Roach  
  73  7:41  Roach x3  
  73  7:42  Overlord  
  81  7:50  Roach x2  
  85  7:51  Evolution Chamber  
  84  7:59  Roach  
  84  8:00  Roach x2  
  84  8:01  Overlord  
  90  8:08  Queen  
  92  8:15  Roach x3  
  98  8:24  Overlord x2  
  98  8:34  Overlord x2  
  90  8:41  Roach x2  
  90  8:42  Roach x2  
Show
View Real Time Build Order
Export as new Build Order

Miszu Protoss - Winner!

Build Orders: 1 Gate Expand, Mass Adepts 

Get SALT Encoding   

  12  0:03  Probe (Chrono Boost)  
  13  0:13  Probe (Chrono Boost)  
  14  0:20  Pylon  
  14  0:24  Probe (Chrono Boost)  
  15  0:38  Probe (Chrono Boost)  
  15  0:40  Gateway  
  16  0:49  Probe (Chrono Boost)  
  17  0:59  Probe (Chrono Boost)  
  18  1:11  Nexus  
  18  1:19  Probe (Chrono Boost)  
  18  1:22  Assimilator  
  19  1:27  Pylon  
  19  1:29  Probe (Chrono Boost)  
  20  1:41  Cybernetics Core  
  20  1:44  Probe (Chrono Boost)  
  21  1:55  Probe (Chrono Boost)  
  21  1:56  Assimilator  
  22  2:05  Probe (Chrono Boost)  
  22  2:06  Warp Gate  
  23  2:16  Probe (Chrono Boost)  
  23  2:18  Adept (Chrono Boost)  
  26  2:24  Probe (Chrono Boost)  
  26  2:26  Probe (Chrono Boost)  
  28  2:34  Probe (Chrono Boost)  
  28  2:35  Gateway  
  29  2:37  Gateway, Probe  
  30  2:47  Probe  
  30  2:50  Adept (Chrono Boost)  
  33  2:54  Pylon  
  33  2:55  Probe  
  34  3:13  Probe  
  34  3:14  Adept (Chrono Boost)  
  34  3:17  Mothership Core  
  39  3:20  Assimilator  
  39  3:21  Assimilator  
  39  3:26  Probe  
  44  3:35  Adept x2 (Chrono Boost)  
  44  3:38  Probe  
  44  3:39  Probe  
  46  3:50  Probe  
  46  3:51  Probe  
  46  3:56  Robotics Facility  
  46  3:58  Pylon  
  46  4:00  Pylon  
  46  4:02  Pylon, Probe  
  47  4:03  Probe  
  46  4:13  Adept x3  
  46  4:14  Probe  
  53  4:25  Pylon  
  53  4:29  Pylon  
  53  4:35  Adept  
  55  4:40  Mothership Core  
  55  4:41  Adept x2  
  55  4:43  Probe  
  44  4:54  Immortal  
  44  4:55  Probe  
  47  5:01  Probe  
  48  5:07  Probe  
  48  5:13  Probe  
  46  5:15  Adept  
  46  5:19  Adept  
  46  5:20  Probe  
  49  5:25  Probe  
  46  5:30  Adept  
  46  5:32  Probe  
  44  5:40  Mothership Core  
  40  5:43  Adept  
  40  5:44  Probe  
  39  5:56  Probe  
  40  5:58  Adept  
  40  6:01  Probe  
  39  6:08  Probe  
  40  6:13  Probe  
  40  6:17  Immortal (Chrono Boost)  
  45  6:20  Adept x2  
  45  6:21  Probe  
  51  6:25  Adept, Probe  
  53  6:33  Probe  
  53  6:39  Gateway  
  54  6:41  Sentry  
  54  6:42  Sentry  
  54  6:43  Gateway  
  58  6:47  Sentry  
  58  6:49  Probe x2  
  62  6:59  Immortal (Chrono Boost)  
  66  7:04  Gateway  
  66  7:07  Sentry x2  
  70  7:14  Pylon  
  70  7:16  Gateway  
  70  7:24  Sentry  
  70  7:29  Pylon  
  72  7:32  Warp Prism (Chrono Boost)  
  74  7:37  Stalker x2  
  78  7:50  Adept  
  78  7:51  Adept x2  
  84  7:52  Pylon  
  84  8:01  Adept x2  
  84  8:04  Observer (Chrono Boost)  
  89  8:14  Adept x4  
  89  8:19  Pylon  
  97  8:22  Observer (Chrono Boost)  
  98  8:32  Adept x3  
Tags
 
Add a new tag
Caveats
  • Supply blocks, unpowered buildings, or Contaminate may cause inaccurate times.
  • Supply counts are checked every 10 seconds.